 Dungeon Crawl Stone Soup version 0.28-a0-32-g8dfe7f97f6 (webtiles) character file.

Game seed: 485057735111919622

40658 Snarg the Nimble (level 14, -6/105 HPs)
             Began as a Djinni Wanderer on July 26, 2021.
             Was the Champion of Fedhas.
             Mangled by a death yak simulacrum (31 damage)
             ... on level 5 of the Lair of Beasts on July 27, 2021.
             The game lasted 02:06:40 (20878 turns).

Snarg the Nimble (Djinni Wanderer)                 Turns: 20878, Time: 02:06:44

Health: -6/105     AC: 13    Str:  7    XL:     14   Next: 46%
Gold:   993        EV: 14    Int: 30    God:    Fedhas [******] SH:  0 Dex: 14

rFire   + + .      SeeInvis .   k - staff of cold
rCold   . . .      Faith    .   (no shield)
rNeg    . . .      Spirit   .   u - +4 ring mail
rPois   ∞          Reflect  .   e - +0 helmet
rElec   .          Harm     .   q - scarf {shadows}
rCorr   .          Rampage  .   O - +1 pair of gloves
Will    +....                   (boots unavailable)
Stlth   ++........              B - amulet of regeneration
HPRegen 1.27/turn               A - +6 ring of intelligence
MPRegen 0.00/turn               w - ring "Urghoolal" {rPois Str-3 Int+5}

@: about to teleport, flying
A: sickness immunity, fire resistance 2, cold vulnerability 1, float, innate
caster, hp casting, extra vitality 1
a: Renounce Religion, Wall of Briars, Grow Ballistomycete, Overgrow, Grow Oklob


You were on level 5 of the Lair of Beasts.
You worshipped Fedhas.
Fedhas was exalted by your worship.
You visited 3 branches of the dungeon, and saw 17 of its levels.

You collected 1135 gold pieces.
You spent 142 gold pieces at shops.

Inventory:

Hand Weapons
 a - the +4 quarterstaff of the Little People {flame, Int+3}
   (You found it on level 4 of the Dungeon)

   It burns those it strikes, dealing additional fire damage.
   Int:       It affects your intelligence (+3).
 W - a +5 vorpal dagger
Missiles
 h - 482 stones
 l - 17 boomerangs
 t - 7 javelins
 v - 64 poisoned darts
 R - 3 throwing nets
Armour
 e - a +0 helmet (worn)
 q - a scarf of shadows (worn)
 u - a +4 ring mail (worn)
 O - a +1 pair of gloves (worn)
Magical Staves
 b - a staff of earth
 k - a staff of cold (weapon)
 p - a staff of poison
Jewellery
 c - the ring "Pedugam" {*Corrode rElec rC+ Dex+6 Stlth+}
   (You took it off an orc wizard on level 7 of the Dungeon)

   [ring of dexterity]

   Dex:       It affects your dexterity (+6).
   rC:        It protects you from cold.
   rElec:     It insulates you from electricity.
   *Corrode:  It may corrode you when you take damage.
   Stlth:     It makes you more stealthy.
 w - the ring "Urghoolal" (right hand) {rPois Str-3 Int+5}
   (You found it on level 4 of the Lair of Beasts)

   [ring of poison resistance]

   Str:       It affects your strength (-3).
   Int:       It affects your intelligence (+5).
   rPois:     It protects you from poison.
 A - a +6 ring of intelligence (left hand)
 B - an amulet of regeneration (around neck)
 C - a ring of willpower
 N - a ring of see invisible
Wands
 n - a wand of flame (13)
 y - a wand of iceblast (11)
 H - a wand of digging (4)
 J - a wand of polymorph (19)
 P - a wand of charming (9)
 Q - a wand of acid (9)
 Z - a wand of mindburst (5)
Scrolls
 f - a scroll of fog
 g - 3 scrolls of magic mapping
 j - 4 scrolls of teleportation
 s - a scroll of identify
 x - 3 scrolls of fear
 F - a scroll of blinking
 T - a scroll of holy word {unknown}
Potions
 d - 2 potions of lignification
 i - a potion of might
 z - 8 potions of brilliance
 D - 3 potions of attraction
 E - 5 potions of curing
 I - a potion of cancellation
 L - 2 potions of haste
 M - 2 potions of invisibility
 S - 4 potions of ambrosia
 U - 4 potions of resistance
 V - a potion of heal wounds
Miscellaneous
 m - a lightning rod (4/4)
 o - a phantom mirror


   Skills:
 * Level 11.2 Fighting
 - Level 2.6 Short Blades
 + Level 7.4 Staves
 - Level 1.0 Throwing
 - Level 5.0 Armour
 * Level 12.1 Dodging
 - Level 4.0 Stealth
 + Level 10.3 Spellcasting
 * Level 9.2 Invocations
 - Level 5.0 Evocations


You had one spell level left.
You knew the following spells:

 Your Spells              Type           Power      Damage    Failure   Level
a - Magic Dart            Conj           100%       1d8       1%          1
b - Blink                 Tloc           N/A        N/A       1%          2
c - Call Imp              Summ           67%        N/A       1%          2
d - Slow                  Hex            67%        N/A       1%          2
e - Conjure Flame         Conj/Fire      67%        6-21      1%          3
f - Mephitic Cloud        Conj/Pois/Air  67%        N/A       1%          3
g - Sandblast             Erth           100%       2d20      1%          1
h - Wereblood             Tmut           67%        N/A       1%          2
i - Passwall              Tmut/Erth      55%        N/A       1%          2
j - Passage of Golubria   Tloc           N/A        N/A       1%          4
k - Lee's Rapid Deconstr  Erth           33%        3d18*     4%          5
l - Freezing Cloud        Conj/Ice/Air   43%        6-21      4%          5

Your spell library contained the following spells:

 Spells                   Type           Power      Damage    Failure   Level


Dungeon Overview and Level Annotations

Branches:
Dungeon (11/15)            Temple (1/1) D:5            Lair (5/6) D:11
  Swamp (0/4) Lair:2       Spider (0/4) Lair:4
  Slime: Lair:5-6       Orc: D:9-12

Altars:
Ashenzari
Cheibriados
Elyvilon
Fedhas
Hepliaklqana
Qazlal
Ru
Trog
Wu Jian
The Shining One

Shops:
D:6 ?   D:10 (

Annotations:
D:1 clr
D:2 clr
D:3 clr
D:4 clr
D:5 2 runed translucent doors, ClockworkOrrery's ghost, novice GnFi
D:6 clr
D:7 clr
D:8 clr
D:9 clr
D:10 clr
D:11 clr
Lair:1 clr, stash
Lair:2 3 runed translucent doors, clr, Zonian's ghost, journeyman DrIE
Lair:3 clr
Lair:4 3 runed translucent doors, Iwuung's ghost, journeyman DjFE
Lair:5 Muulud's ghost, journeyman SpBe


Innate Abilities, Weirdness & Mutations

You are immune to sickness and miasma.
You are immune to poison.
Your flesh is very heat resistant. (rF++)
You are vulnerable to cold. (rC-)
You float through the air rather than walking.
You learn spells naturally, not from books.
Your magical power is your life essence.
You have superior vitality. (+4 HP)


Message History

The water moccasin closely misses you.
You hit the water moccasin. You burn the water moccasin.
You kill the water moccasin!
Fedhas appreciates your contribution to the ecosystem.
No target in view!
You fly carefully through the fungus.
You now have 982 gold pieces (gained 6).
h - 482 stones (gained 22)
You now have 993 gold pieces (gained 11).
U - 4 potions of resistance (gained 1)
Found a staff of earth.
You see here a staff of earth.
You see here a staff of earth.
There is a stone staircase leading down here.
You see here a yak skeleton.
You fly carefully through the fungus.
You see here an amulet of guardian spirit.
You fly carefully through the plants.
Muulud's ghost turns its malevolent gaze towards you.
Casting: Slow (safe; 1% risk of failure)
Confirm with . or Enter, or press ? or * to list all spells.
You don't know that spell.
You reach down and open the gate.
The black mamba simulacrum barely misses you.
You hit the black mamba simulacrum.
You melt the black mamba simulacrum.
The black mamba simulacrum is heavily damaged.
The black mamba simulacrum bites you but does no damage.
The death yak simulacrum gores you! The death yak simulacrum freezes you!!!
You feel a terrible chill!
The +4 quarterstaff of the Little People {flame, Int+3} stops flaming.
k - a staff of cold (weapon)
The black mamba simulacrum bites you but does no damage.
As you read the scroll of teleportation, it crumbles to dust.
You feel strangely unstable. The black mamba simulacrum bites you.
The black mamba simulacrum freezes you!!
The death yak simulacrum gores you!
* * * LOW HITPOINT WARNING * * *
The death yak simulacrum freezes you!!
You die...
Fedhas appreciates your contribution to the ecosystem.

..........#.#..#....^# ###.†.##
.........########....# #.#...P#
......#.## ####...## ##.#....#
........# #P.###### #.......#
##.#.#.## ###..#.#.#.#.......#
###.### #.#..#.....#.#....##
### ##...Z...)###.#....##
#####..ZZ...=. ###.....#
#.##...@ZZ..[# ##.....##
###########......#WZ..$
#.#...##
.#.#...#.........#.#.#.##.....#
.................#######.....##
...................#.##......#
..........#.###......#.....###
###.#.......# ##.....#....P# #
#####.#...# ###.......###
##...## ##.....##


You could see a spectral four-headed hydra, a spectral catoblepas, a spectral
cane toad, Muulud's ghost, a komodo dragon simulacrum, a black mamba simulacrum
and a death yak simulacrum.

Vanquished Creatures
  Harold (D:8)
  4 hydras
  Erica (D:8)
  4 two-headed ogres
  Urug (Lair:4)
  A tengu warrior (D:11)
  Pikel (D:6)
  2 manticores
  A cyclops (D:7)
  8 elephants
  A gargoyle (D:11)
  3 black mambas
  8 cane toads
  An unseen horror (D:7)
  2 rime drakes
  4 komodo dragons
  A tengu conjurer (D:11)
  2 jumping spiders (Lair:4)
  A queen bee (Lair:3)
  2 hornets
  A troll (D:11)
  3 polar bears
  6 blink frogs
  2 shadows (D:11)
  4 redbacks (Lair:4)
  A water elemental (D:11)
  2 wraiths
  2 wyverns
  Grum (D:7)
  2 basilisks (Lair:2)
  51 yaks
  A vampire mosquito (D:7)
  2 steam dragons
  Eustachio (D:4)
  Menkaure (D:5)
  6 water moccasins
  2 orc warriors
  A hornet zombie (D:7)
  A sky beast (D:7)
  2 black bears
  5 ice beasts
  A swamp drake (D:11)
  3 ogres
  5 necrophages
  23 wolves
  4 centaurs
  A phantom (D:4)
  A lemure (D:6)
  3 kobold brigands
  14 bullfrogs
  2 scorpions
  A wyvern skeleton (D:7)
  29 killer bees
  14 wights
  A howler monkey (D:8)
  3 electric eels (D:11)
  5 centaur zombies
  8 hounds
  Crazy Yiuf (D:3)
  2 gnoll shamans (D:5)
  4 orc priests
  2 centaur skeletons
  A bullfrog skeleton (D:7)
  12 orc wizards
  2 killer bee zombies (D:9)
  2 howler monkey zombies (D:7)
  10 gnolls
  4 adders
  A white imp (D:7)
  An ufetubus (D:7)
  2 adder skeletons
  2 worms (D:3)
  A dart slug (D:3)
  22 orcs
  5 endoplasms
  3 giant cockroaches
  2 goblins
  7 hobgoblins
  2 ball pythons (D:2)
  3 frilled lizards (D:1)
  14 kobolds
  9 rats
378 creatures vanquished.

Vanquished Creatures (collateral kills)
  A two-headed ogre (D:5)
  A cyclops (D:11)
  Joseph (D:7)
  A cane toad (Lair:2)
  An ice beast (D:8)
  A necrophage (D:6)
  A sky beast (D:3)
  An ogre (D:5)
  A lemure (D:6)
  A bullfrog (Lair:2)
  A water moccasin zombie (D:6)
  A killer bee (D:10)
  A wight (D:6)
  An orc wizard (D:10)
  2 gnolls (D:5)
  2 adders (D:2)
  An adder skeleton (D:4)
  A worm (D:3)
  4 orcs
  An endoplasm (D:2)
  A giant cockroach (D:4)
  3 hobgoblins
  A quokka (D:3)
  A ball python (D:4)
  A kobold (D:2)
  A rat (D:2)
  11 ballistomycete spores
44 creatures vanquished.

Vanquished Creatures (others)
  A bullfrog (Lair:4)
  A hound (D:11)
  A demonic plant (D:2)
  33 fungi
  31 plants
  2 withered plants (D:2)
69 creatures vanquished.

Grand Total: 491 creatures vanquished

Notes
Turn   | Place    | Note
-------+----------+-------------------------------------------
     0 | D:1      | Snarg the Djinni Wanderer began the quest for the Orb.
     0 | D:1      | Reached XP level 1. HP: 15/15 MP: 0/0
   154 | D:1      | Reached skill level 1 in Fighting
   257 | D:1      | Reached XP level 2. HP: 20/22 MP: 0/0
   820 | D:2      | Reached XP level 3. HP: 26/28 MP: 0/0
   820 | D:2      | Learned a level 1 spell: Sandblast
   851 | D:2      | Found a faded altar of an unknown god.
   868 | D:2      | Became a worshipper of Fedhas Madash
   868 | D:2      | Reached * piety under Fedhas
  2162 | D:2      | Reached XP level 4. HP: 31/34 MP: 0/0
  3175 | D:3      | Reached skill level 1 in Armour
  3444 | D:3      | Reached skill level 1 in Dodging
  3519 | D:3      | Reached skill level 1 in Short Blades
  3519 | D:3      | Reached XP level 5. HP: 31/40 MP: 0/0
  3519 | D:3      | Learned a level 2 spell: Wereblood
  3939 | D:3      | Reached ** piety under Fedhas
  4468 | D:3      | Noticed a sky beast
  4491 | D:3      | Killed a sky beast
  4492 | D:3      | Reached skill level 2 in Dodging
  4492 | D:3      | Reached XP level 6. HP: 39/47 MP: 0/0
  4613 | D:3      | Found a runed translucent door.
  4614 | D:3      | Noticed Crazy Yiuf
  4624 | D:3      | Killed Crazy Yiuf
  4900 | D:4      | Noticed Eustachio
  4908 | D:4      | Killed Eustachio
  4909 | D:4      | Reached XP level 7. HP: 45/52 MP: 0/0
  4909 | D:4      | Learned a level 2 spell: Passwall
  4912 | D:4      | Identified the +4 quarterstaff of the Little People {flame,
                  | Int+3}
  5200 | D:4      | Reached skill level 1 in Staves
  5886 | D:4      | Reached skill level 3 in Dodging
  6253 | D:5      | Entered Level 5 of the Dungeon
  6481 | D:5      | Found a staircase to the Ecumenical Temple.
  6770 | D:4      | Reached XP level 8. HP: 36/58 MP: 0/0
  7067 | Temple   | Entered the Ecumenical Temple
  7076 | D:5      | Reached *** piety under Fedhas
  7239 | D:5      | Found a runed translucent door.
  7240 | D:5      | Noticed ClockworkOrrery's ghost (novice GnFi)
  7282 | D:5      | Noticed a two-headed ogre
  7579 | D:5      | Reached skill level 1 in Invocations
  7606 | D:5      | Killed a two-headed ogre
  7607 | D:5      | Reached skill level 5 in Fighting
  7607 | D:5      | Reached XP level 9. HP: 64/65 MP: 0/0
  7607 | D:5      | Learned a level 4 spell: Passage of Golubria
  7729 | D:5      | Found a runed translucent door.
  7734 | D:5      | Noticed Menkaure
  7850 | D:5      | Killed Menkaure
  7851 | D:5      | Reached skill level 5 in Staves
  7889 | D:5      | Noticed a two-headed ogre
  8093 | D:5      | Killed a two-headed ogre
  8444 | D:6      | Found a white marble altar of Elyvilon.
  8455 | D:6      | Reached skill level 4 in Dodging
  8528 | D:6      | Found a stormy altar of Qazlal.
  8555 | D:6      | Found a snail-covered altar of Cheibriados.
  8635 | D:6      | Noticed a manticore
  8687 | D:6      | Killed a manticore
  8688 | D:6      | Reached XP level 10. HP: 52/70 MP: 0/0
  8688 | D:6      | Upgraded the game from 0.28-a0-10-g964c8b829e to
                  | 0.28-a0-21-gf74fda84f9
  8789 | D:6      | Noticed a two-headed ogre
  8799 | D:6      | Killed a two-headed ogre
  8800 | D:6      | Reached skill level 5 in Dodging
  8800 | D:6      | Reached skill level 5 in Invocations
  8875 | D:6      | Noticed Pikel
  8884 | D:6      | Killed Pikel
  9014 | D:6      | Found Vahatwut's Magic Scroll Emporium.
  9161 | D:6      | Reached skill level 6 in Dodging
  9333 | D:7      | Noticed Joseph
  9480 | D:7      | Found a hazy altar of Hepliaklqana.
  9480 | D:7      | Found a bloodstained altar of Trog.
  9976 | D:7      | Reached **** piety under Fedhas
 10363 | D:7      | Reached XP level 11. HP: 72/79 MP: 0/0
 10363 | D:7      | Learned a level 5 spell: Lee's Rapid Deconstruction
 10369 | D:7      | Reached skill level 5 in Armour
 10802 | D:7      | Noticed a five-headed hydra
 10812 | D:7      | Killed a five-headed hydra
 10813 | D:7      | Reached skill level 7 in Dodging
 10850 | D:7      | Noticed an eight-headed hydra
 10953 | D:7      | Killed an eight-headed hydra
 11124 | D:7      | Identified the ring "Pedugam" {*Corrode rElec rC+ Dex+6
                  | Stlth+}
 11141 | D:7      | Noticed a cyclops
 11206 | D:7      | Killed a cyclops
 11253 | D:7      | Identified the ring of Hudaadi {*Slow Fly rN+ rCorr Dex+3}
 11433 | D:6      | Bought a scroll of blinking for 97 gold pieces
 11433 | D:6      | Bought a scroll of magic mapping for 45 gold pieces
 11450 | D:8      | Noticed Harold
 11463 | D:8      | Killed Harold
 11480 | D:8      | Noticed Erica
 11586 | D:7      | Reached skill level 8 in Dodging
 11753 | D:7      | Killed Joseph
 11855 | D:8      | Noticed Grum
 11865 | D:7      | Killed Grum
 11948 | D:8      | Identified the +8 chain mail of Untruth {Will+ Str-4 SInv}
 12047 | D:8      | Reached skill level 10 in Fighting
 12112 | D:8      | Found an ornate altar of the Wu Jian Council.
 12180 | D:8      | Killed Erica
 12181 | D:8      | Reached XP level 12. HP: 85/91 MP: 0/0
 12241 | D:8      | Found a glowing golden altar of the Shining One.
 12241 | D:8      | Found a sacrificial altar of Ru.
 12241 | D:8      | Found a blossoming altar of Fedhas.
 12773 | D:9      | Reached ***** piety under Fedhas
 12997 | D:9      | Reached skill level 9 in Dodging
 13685 | D:10     | Entered Level 10 of the Dungeon
 13700 | D:10     | Found Fywk's Antique Weapon Shop.
 13851 | D:10     | Noticed a two-headed ogre
 13860 | D:10     | Killed a two-headed ogre
 14738 | D:11     | Noticed a two-headed ogre
 14756 | D:11     | Killed a two-headed ogre
 14937 | D:11     | Found a staircase to the Lair.
 14983 | D:11     | Noticed a tengu warrior
 14995 | D:11     | Killed a tengu warrior
 15062 | D:11     | Reached skill level 1 in Evocations
 15309 | D:11     | Reached skill level 10 in Dodging
 15686 | Lair:1   | Entered Level 1 of the Lair of Beasts
 15703 | Lair:1   | You are sucked into a shaft and drop 1 floor!
 16059 | Lair:1   | Reached XP level 13. HP: 75/98 MP: 0/0
 16059 | Lair:1   | Learned a level 5 spell: Freezing Cloud
 16296 | Lair:2   | Found a runed translucent gate.
 16297 | Lair:2   | Found a runed translucent gate.
 16297 | Lair:2   | Noticed Zonian's ghost (journeyman DrIE)
 16298 | Lair:2   | Found a runed translucent gate.
 16796 | Lair:2   | Found a staircase to the Swamp.
 17621 | Lair:3   | Noticed an eight-headed hydra
 17628 | Lair:3   | Killed an eight-headed hydra
 17770 | Lair:3   | Reached ****** piety under Fedhas
 18359 | Lair:4   | Noticed Urug
 18371 | Lair:4   | Killed Urug
 18372 | Lair:4   | Reached skill level 10 in Spellcasting
 18448 | Lair:4   | Identified the ring "Urghoolal" {rPois Str-3 Int+5}
 18785 | Lair:4   | Upgraded the game from 0.28-a0-21-gf74fda84f9 to
                  | 0.28-a0-32-g8dfe7f97f6
 18889 | Lair:4   | Found a broken altar of Ashenzari.
 18921 | Lair:4   | Reached skill level 11 in Dodging
 18940 | Lair:4   | Reached skill level 5 in Evocations
 18940 | Lair:4   | Reached XP level 14. HP: 82/105 MP: 0/0
 19271 | Lair:4   | Found a hole to the Spider Nest.
 19450 | Lair:4   | Found a runed translucent gate.
 19451 | Lair:4   | Identified the +1 leather armour "Afoumevi" {+Inv rPois
                  | Slay+2}
 19459 | Lair:4   | Found a runed translucent gate.
 19474 | Lair:4   | Found a runed translucent gate.
 19474 | Lair:4   | Noticed a quicksilver ooze
 19479 | Lair:4   | Noticed Iwuung's ghost (journeyman DjFE)
 19970 | Lair:5   | Reached skill level 12 in Dodging
 19984 | Lair:5   | Found a runed translucent gate.
 19984 | Lair:5   | Found a runed translucent gate.
 19984 | Lair:5   | Found a runed translucent gate.
 19997 | Lair:5   | Identified the ring of Recklessness {rPois EV+4}
 20604 | Lair:5   | Noticed Muulud's ghost (journeyman SpBe)
 20878 | Lair:5   | Mangled by a death yak simulacrum

Illustrated notes

Levels and vault maps discovered:
D:1:      psy_arrival_terrarium, layout_rooms, minmay_pentomino_u4
D:2:      layout_basic, shapermc_ecumenical_altar_gd
D:3:      layout_basic, minivault_27, uniq_crazy_yiuf_cottage
D:4:      layout_cave_pods, uniq_eustachio
D:5:      layout_loops_cross, minmay_temple_entry_crystal_x,
          ebering_ghost_sewer_f, uniq_menkaure
D:6:      layout_loops_ring, nicolae_qazlal_general_emergency,
          cheibriados_altar_1, mainiacjoe_overflow_concentric_impassable,
          serial_shops, nicolae_take_the_stairs, kb_rosetta, uniq_pikel
D:7:      minmay_the_grid_triangle_9x9_rhombus_full
          [minmay_the_grid_triangle_9x9_windchime,
          minmay_the_grid_triangle_9x9_corrupted_corridor,
          minmay_the_grid_triangle_9x9_from_above,
          minmay_the_grid_triangle_9x9_dagger,
          minmay_the_grid_triangle_9x9_flanged_cone,
          minmay_the_grid_triangle_9x9_impossible_snake,
          minmay_the_grid_triangle_9x9_checkered,
          minmay_the_grid_triangle_9x9_prize_insulated], layout_cave_pools,
          chequers_temple_overflow_statue_of_worship, uniq_joseph
D:8:      layout_rooms, nicolae_wu_jian_wuxing_cycle,
          gammafunk_temple_overflow_claw, uniq_grum, uniq_harold, uniq_erica
D:9:      layout_grid_maze
D:10:     layout_irregular_city, serial_shops, nicolae_shop_statue_plus,
          minivault_1, minmay_hedge_maze
D:11:     layout_gridville, erik_lair_island, hangedman_abyss_or_decor_stagger
Temple:   nicolae_temple_figure_eight
Lair:1:   layout_misc_corridors
Lair:2:   layout_regular_city, swamp_mist_pool, ebering_ghost_rock_garden
Lair:3:   layout_roguey [special_room_bee]
Lair:4:   layout_roguey, nicolae_spider_entry_tight_spaces,
          gammafunk_ghost_ooze, basic_altar, roderic_carrion_pond,
          minmay_lair_oklob_chamber, uniq_urug
Lair:5:   layout_concentric_octagons, gammafunk_ghost_necromancy

Skill      XL: |  1  2  3  4  5  6  7  8  9 10 11 12 13 14 |
---------------+-------------------------------------------+-----
Fighting       | 1 2 3 4 5 7 10 11 | 11.2
Armour         | 1 2 3 4 5 |  5.0
Dodging        | 1 2 3 4 6 8 10 11 12 | 12.1
Short Blades   | 1 2 |  2.6
Stealth        | 2 3 4 |  4.0
Staves         | 2 4 5 7 |  7.4
Invocations    | 2 4 6 7 8 9 |  9.2
Spellcasting   | 7 8 10 | 10.3
Evocations     | 1 5 |  5.0
Throwing       | |  1.0

Action                   |  1- 3 |  4- 6 |  7- 9 | 10-12 | 13-15 || total
-------------------------+-------+-------+-------+-------+-------++-------
Melee: Dagger            |    55 |    69 |       |       |     1 ||   125
       Quarterstaff      |       |       |    76 |   398 |   244 ||   718
       Staff             |       |       |       |    24 |    32 ||    56
Throw: Dart              |       |       |       |    10 |       ||    10
 Cast: Magic Dart        |    37 |    42 |   131 |   266 |   217 ||   693
       Call Imp          |     6 |    14 |    30 |    42 |     8 ||   100
       Slow              |     2 |     8 |    10 |    40 |    31 ||    91
       Sandblast         |     1 |     6 |       |       |       ||     7
       Mephitic Cloud    |       |     9 |    24 |    51 |    25 ||   109
       Conjure Flame     |       |     5 |    12 |    31 |       ||    48
       Wereblood         |       |     1 |     1 |     2 |     5 ||     9
       Passage of Golubr |       |       |       |     2 |       ||     2
       Lee's Rapid Decon |       |       |       |    10 |    11 ||    21
       Freezing Cloud    |       |       |       |       |    39 ||    39
Invok: Grow Ballistomyce |       |       |       |     3 |     1 ||     4
       Wall of Briars    |       |       |       |     1 |       ||     1
Evoke: Wand              |       |       |       |     5 |       ||     5
       Lightning rod     |       |       |       |     3 |       ||     3
  Use: Potion            |       |       |     2 |       |       ||     2
       Scroll            |       |       |     5 |    12 |     9 ||    26
 Stab: Sleeping          |     1 |       |       |     3 |     1 ||     5
       Confused          |       |     2 |     3 |    21 |    20 ||    46
       Distracted        |       |       |     1 |     1 |       ||     2
Armor: Robe              |     1 |       |       |       |       ||     1
       Leather armour    |    13 |    23 |     1 |       |       ||    37
       Ring mail         |       |       |    37 |   192 |    85 ||   314
Dodge: Dodged            |    30 |    47 |    45 |   317 |   167 ||   606

Table legend: (Time is in decaauts)
 A = Elapsed time spent in this place.
 B = Non-inter-level travel time spent in this place.
 C = Inter-level travel time spent in this place.
 D = Time resting spent in this place.
 E = Time spent auto-exploring this place.
 F = Levels seen in this place.
 G = Mean time per level.
                   A        B        C        D        E       F      G
               +--------+--------+--------+--------+--------+-----+--------+
         Total |  20984 |  19015 |   1969 |   3160 |  10314 |  17 | 1234.4 |
       Dungeon |  15787 |  14275 |   1512 |   2645 |   7590 |  11 | 1435.2 |
        Temple |      1 |      1 |      0 |      0 |      0 |   1 |    1.0 |
          Lair |   5194 |   4737 |    457 |    515 |   2724 |   5 | 1038.8 |
               +--------+--------+--------+--------+--------+-----+--------+

Top non-repeatable levels by time:
     D:2: 2536 daAuts
     D:7: 2418 daAuts
     D:3: 1982 daAuts
     D:4: 1953 daAuts
  Lair:4: 1455 daAuts
     D:9: 1278 daAuts
     D:5: 1217 daAuts
    D:11: 1179 daAuts
  Lair:3: 1131 daAuts
  Lair:2: 1086 daAuts
     D:6: 1068 daAuts
    D:10: 871 daAuts
  Lair:5: 819 daAuts
     D:1: 761 daAuts
  Lair:1: 701 daAuts
